 Dungeon Crawl Stone Soup version 0.25-a0-577-ga4619f409e (webtiles) character file.

Game seed: 12335103425050573872, levelgen mode: deterministic

812 An17 the Covert (level 7, -9/39 HPs)
             Began as a Vampire Assassin on Mar 2, 2020.
             Was an Initiate of Ashenzari.
             Mangled by an orc warrior
             ... wielding a +0 long sword
              (20 damage)
             ... on level 6 of the Dungeon.
             The game lasted 00:22:59 (4402 turns).

An17 the Covert (Vampire Assassin)                  Turns: 4402, Time: 00:23:00

Health: -9/39      AC:  5    Str: 10    XL:     7   Next: 61%
Magic:  7/7        EV: 13    Int: 14    God:    Ashenzari [......]
Gold:   7          SH:  0    Dex: 17    Spells: 3/6 levels left

rFire    . . .     SeeInvis +   f - +5 dagger (venom) (curse)
rCold    + + .     Gourm    .   (no shield)
rNeg     + + +     Faith    .   m - +1 leather armour
rPois    ∞         Spirit   .   (no helmet)
rElec    .         Reflect  .   c - +0 cloak
rCorr    .         Harm     +   (no gloves)
MR       .....                  (no boots)
Stlth    +++++++...             i - amulet of harm
HPRegen  0.00/turn              (no ring)
MPRegen  0.10/turn              (no ring)

@: bloodless
A: no food, fangs 3, see invisible, unbreathing
a: Bat Form, Revivify, Curse Item, Renounce Religion


You were on level 6 of the Dungeon.
You worshipped Ashenzari.
Ashenzari was noncommittal.
You were bloodless.

You visited 2 branches of the dungeon, and saw 7 of its levels.

You collected 320 gold pieces.
You spent 313 gold pieces at shops.

Inventory:

Hand Weapons
 f - a cursed +5 dagger of venom (weapon)
 u - a +0 rapier
Missiles
 d - 50 poisoned darts (quivered)
 e - 2 curare-tipped darts
Armour
 c - a +0 cloak (worn)
 m - a +1 leather armour (worn)
Jewellery
 g - an uncursed amulet of guardian spirit
 i - an amulet of harm (around neck)
 t - an uncursed amulet of faith
Scrolls
 l - 7 scrolls of identify
 q - a scroll of fog
 r - a scroll of magic mapping
 s - a scroll of teleportation
 w - a scroll of immolation
Potions
 a - 3 potions of lignification {unknown}
 b - 3 potions of flight {unknown}
 h - 3 potions of curing {unknown}
 j - 3 potions of brilliance {unknown}
 k - a potion of invisibility {unknown}
 n - a potion of degeneration {unknown}
 o - 2 potions of berserk rage {unknown}
 p - a potion of mutation {unknown}
 v - a potion of ambrosia {unknown}


   Skills:
 - Level 1.7 Fighting
 + Level 4.6 Short Blades
 + Level 1.8 Throwing
 + Level 2.1 Armour
 + Level 2.7 Dodging
 + Level 11.5 Stealth


You had 3 spell levels left.
You knew the following spells:

 Your Spells              Type           Power        Failure   Level  Hunger
a - Confusing Touch       Hex            #.......     75%         3    N/A

Your spell library contained the following spells:

 Spells                   Type           Power        Failure   Level  Hunger
 Beastly Appendage        Tmut           #.....       36%         1    N/A
 Sticks to Snakes         Tmut           #.......     50%         2    N/A
 Gell's Gravitas          Tloc           #.........   75%         3    N/A
 Spider Form              Tmut/Pois      #.........   75%         3    N/A
 Ice Form                 Ice/Tmut       #.......     98%         4    N/A
 Petrify                  Tmut/Erth      #.......     98%         4    N/A
 Blade Hands              Tmut           #.........   100%        5    N/A
 Metabolic Englaciation   Hex/Ice        #.........   100%        5    N/A
 Yara's Violent Unravell  Hex/Tmut       #.........   100%        5    N/A

Dungeon Overview and Level Annotations

Branches:
Dungeon (6/15)             Temple (1/1) D:4

Altars:
Ashenzari
Elyvilon
Fedhas
Kikubaaqudgha
Makhleb
Nemelex Xobeh
Qazlal
Ru
Trog
Vehumet
Yredelemnul
The Shining One

Shops:
D:5 =*??:


Innate Abilities, Weirdness & Mutations

You do not eat.
You do not regenerate when monsters are visible.
You are frail without blood (-20% HP).
You can heal yourself when you bite living creatures.
You are immune to poison.
You have razor-sharp teeth.
You have supernaturally acute eyesight. (SInv)
You can survive without breathing.


Message History

You hit the orc warrior.
The orc warrior looks as sick as possible!
Your bite misses the orc warrior.
The orc warrior is moderately wounded.
The orc warrior barely misses you.
You closely miss the orc warrior.
The orc warrior is moderately wounded.
The orc hits you but does no damage.
The orc warrior hits you with a +0 long sword!
* * * LOW HITPOINT WARNING * * *
You completely miss the orc warrior.
The orc shouts!
You bite the orc warrior, but do no damage.
The orc warrior is moderately wounded.
The orc hits you but does no damage.
You closely miss the orc warrior. Your bite misses the orc warrior.
The orc warrior is heavily wounded.
The orc warrior hits you with a +0 long sword!
Ouch! That really hurt!
You die...

... #..# #..# ###..#
....# #########
#..########........
#...........#####..
###.###.#o..o.......##..#
........@o#.........##.##
#######<###.........##.#
#...###............#
#.####.o........(### #..
#...o.......# #...
#..........## #...
#..o%......# .....#
##.##..##..##
..##..###..##..#..###


You could see an orc warrior and 2 orcs.

Vanquished Creatures
  Blork the orc (D:6)
  A gnoll sergeant (D:5)
  A howler monkey (D:4)
  A jelly (D:5)
  A bullfrog skeleton (D:5)
  An orc priest (D:4)
  A centaur skeleton (D:4)
  A hound (D:5)
  Crazy Yiuf (D:3)
  2 iguanas
  3 worker ants
  13 gnolls
  11 adders
  3 worms (D:2)
  A leopard gecko (D:3)
  10 orcs
  8 bats
  3 giant cockroaches
  2 gnoll zombies (D:2)
  9 goblins
  5 hobgoblins
  21 jackals
  9 kobolds
  3 quokkas
  2 ball pythons
  4 frilled lizards
  A quokka zombie (D:5)
  8 rats
127 creatures vanquished.

Notes
Turn   | Place    | Note
-------+----------+-------------------------------------------
     0 | D:1      | An17 the Vampire Assassin began the quest for the Orb.
     0 | D:1      | Reached XP level 1. HP: 16/16 MP: 1/1
    24 | D:1      | Reached skill level 6 in Stealth
    42 | D:1      | Reached XP level 2. HP: 22/22 MP: 2/2
   243 | D:1      | Reached skill level 7 in Stealth
   248 | D:1      | Reached XP level 3. HP: 20/27 MP: 1/3
   803 | D:2      | Reached skill level 8 in Stealth
   817 | D:2      | Reached XP level 4. HP: 23/26 MP: 2/4
   831 | D:2      | Found a white marble altar of Elyvilon.
  1114 | D:2      | Found a basalt altar of Yredelemnul.
  1149 | D:2      | Reached XP level 5. HP: 29/30 MP: 5/5
  1279 | D:3      | You fall into a shaft and drop 1 floor!
  1368 | D:3      | Found a blossoming altar of Fedhas.
  1453 | D:3      | Found a faded altar of an unknown god.
  1535 | D:3      | Reached skill level 9 in Stealth
  1715 | D:3      | Found a runed translucent door.
  1716 | D:3      | Noticed Crazy Yiuf
  1723 | D:3      | Killed Crazy Yiuf
  2228 | D:4      | Found a staircase to the Ecumenical Temple.
  2242 | Temple   | Entered the Ecumenical Temple
  2318 | Temple   | Became a worshipper of Ashenzari the Shackled
  2498 | D:4      | Reached XP level 6. HP: 33/35 MP: 6/6
  2582 | D:4      | Reached skill level 10 in Stealth
  2683 | D:4      | Reached skill level 1 in Armour
  2837 | D:5      | Entered Level 5 of the Dungeon
  2842 | D:5      | Found Veimoli's Jewellery Shop.
  3382 | D:5      | Found Bumerghou's Magic Scroll Shop.
  3403 | D:5      | Found a stormy altar of Qazlal.
  3569 | D:5      | Reached XP level 7. HP: 39/39 MP: 7/7
  3615 | D:5      | Found Poext's Magic Scroll Boutique.
  3623 | D:5      | Bought a scroll of remove curse for 33 gold pieces
  3690 | D:5      | Found Ethroam's Book Shoppe.
  3748 | D:5      | Found Xemmodom's General Store.
  3816 | D:5      | Reached skill level 11 in Stealth
  3824 | D:5      | Found a blossoming altar of Fedhas.
  4054 | D:5      | Found a glowing golden altar of the Shining One.
  4054 | D:5      | Found a radiant altar of Vehumet.
  4191 | D:6      | Noticed Blork the orc
  4207 | D:6      | Killed Blork the orc
  4269 | D:5      | Bought a book of Misfortune for 280 gold pieces
  4273 | D:5      | Learned a level 3 spell: Confusing Touch
  4402 | D:6      | Mangled by an orc warrior

Levels and vault maps discovered:
D:1:      lemuel_arrival_hallway, layout_basic
D:2:      minmay_diamond_boxcup, layout_rooms, lemuel_zombie_altar_yredelemnul,
          lemuel_round_altar
D:3:      layout_basic, chequers_ecumenical_altar_simple_redux,
          lemuel_tele_altar, uniq_crazy_yiuf_cottage
D:4:      layout_basic, minmay_temple_entry_slanted, first_ration
D:5:      layout_basic, fedhas_altar_fruit_tree,
          amethyst_overflow_temple_binary, serial_shops, shop, shop, shop,
          nicolae_shop_trees, shop, grunt_qazlal_clouds
D:6:      layout_rooms, lemuel_doored_altar, slow_altar_1, uniq_blork_the_orc
Temple:   nicolae_temple_figure_zero

Skill      XL: |  1  2  3  4  5  6  7 |
---------------+----------------------+-----
Stealth        | 6 7 8 9 10 11 | 11.5
Dodging        | 2 |  2.7
Short Blades   | 3 4 |  4.6
Armour         | 1 2 |  2.1
Fighting       | |  1.7
Throwing       | |  1.8

Action                   |  1- 3 |  4- 6 |  7- 9 || total
-------------------------+-------+-------+-------++-------
Melee: Dagger            |    78 |   171 |    39 ||   288
       Bite              |     5 |     8 |     2 ||    15
Throw: Dart              |     1 |     2 |       ||     3
Invok: Curse Item        |       |       |     1 ||     1
 Abil: Exsanguinate      |     1 |       |       ||     1
  Use: Scroll            |     5 |     5 |     1 ||    11
 Stab: Sleeping          |     9 |    36 |    14 ||    59
Armor: Robe              |    16 |     6 |       ||    22
       Leather armour    |       |    21 |     8 ||    29
Dodge: Dodged            |    48 |    72 |     8 ||   128

Table legend:
 A = Non-vault XP
 B = Vault XP
 C = Vault XP percentage of total XP
 D = Non-vault monster count
 E = Vault monster count
 F = Vault count percentage of total count
                 A         B        C        D         E       F
            +---------+---------+-------+---------+---------+-------
      Total |     996 |     165 |  14.2 |     115 |      12 |   9.4
            +---------+---------+-------+---------+---------+-------
        D:1 |      75 |       0 |   0.0 |      24 |       0 |   0.0
        D:2 |      92 |      32 |  25.8 |      22 |      10 |  31.2
        D:3 |      39 |      39 |  50.0 |      16 |       1 |   5.9
        D:4 |     340 |       0 |   0.0 |      22 |       0 |   0.0
        D:5 |     397 |       0 |   0.0 |      27 |       0 |   0.0
        D:6 |      53 |      94 |  63.9 |       4 |       1 |  20.0
            +---------+---------+-------+---------+---------+-------
